 Dungeon Crawl Stone Soup version 0.19.0-24-gb05acd6 (webtiles) character file.

2580 Firecrotchwizard the Basher (level 9, 0/57 HPs)
             Began as a Gargoyle Fighter on Nov 21, 2016.
             Was a Believer of Okawaru.
             Slain by Hiru's ghost (5 damage)
             ... on level 8 of the Dungeon.
             The game lasted 00:17:00 (7449 turns).

Firecrotchwizard the Basher (Gargoyle Fighter)      Turns: 7449, Time: 00:17:01

Health: 0/57       AC: 21    Str: 21    XL:     9   Next: 58%
Magic:  9/9        EV:  5    Int:  8    God:    Okawaru [**....]
Gold:   333        SH: 10    Dex: 12    Spells: 0 memorised, 8 levels left

rFire  . . .     SeeInvis +     A - +1 flail (crush)
rCold  . . .     Gourm    .     G - +0 plate armour
rNeg   + . .     Faith    .     c - +0 shield
rPois  ∞         Spirit   .     (no helmet)
rElec  +         Reflect  .     r - +1 cloak
rCorr  .         Harm     .     E - +0 pair of gloves
MR     .....                    (no boots)
Stlth  ..........               (no amulet)
                                (no ring)
                                B - ring of see invisible

@: no status effects
A: negative energy resistance 1, electricity resistance, unbreathing,
petrification resistance, rot immunity, AC +5
a: Heroism, Renounce Religion


You were on level 8 of the Dungeon.
You worshipped Okawaru.
Okawaru was pleased with you.
You were very hungry.

You visited 2 branches of the dungeon, and saw 9 of its levels.

You collected 333 gold pieces.

Inventory:

Hand Weapons
 A - a +1 flail of crushing (weapon)
Armour
 c - a +0 shield (worn)
 r - a +1 cloak (worn)
 E - a +0 pair of gloves (worn)
 G - a +0 plate armour (worn)
Jewellery
 v - a +4 ring of intelligence
 B - a ring of see invisible (left hand)
Wands
 a - a wand of slowing (14/48)
 n - a wand of digging (15/24)
 s - a wand of acid (3/15)
 L - a wand of slowing (26/48)
Scrolls
 g - 12 scrolls of identify
 h - 3 scrolls of recharging {unknown}
 i - 4 scrolls of immolation {unknown}
 j - a scroll of brand weapon {unknown}
 k - 2 scrolls of remove curse {unknown}
 m - 6 scrolls of teleportation {unknown}
 q - 2 scrolls of enchant weapon {unknown}
 t - a scroll of amnesia {unknown}
 x - a scroll of magic mapping {unknown}
 z - a scroll of acquirement {unknown}
 C - a scroll of random uselessness {unknown}
 I - a scroll of enchant armour {unknown}
Potions
 d - a potion of mutation {unknown}
 e - 5 potions of agility
 o - 3 potions of curing {unknown}
 p - 2 potions of degeneration {unknown}
 u - a potion of resistance {unknown}
 w - 2 potions of brilliance {unknown}
 F - a potion of berserk rage {unknown}
 H - a potion of heal wounds {unknown}
 J - a potion of flight {unknown}
 K - a potion of cure mutation {unknown}
Books
 b - a book of Necromancy

   Spells                             Type                      Level
   a - Pain                           Necromancy                   1
   b - Animate Skeleton               Necromancy                   1
   c - Vampiric Draining              Necromancy                   3
   d - Regeneration                   Charms/Necromancy            3
   e - Animate Dead                   Necromancy                   4
   f - Control Undead                 Necromancy                   4
 y - a book of Conjurations

   Spells                             Type                      Level
   a - Magic Dart                     Conjuration                  1
   b - Searing Ray                    Conjuration                  2
   c - Dazzling Spray                 Conjuration/Hexes            3
   d - Fulminant Prism                Conjuration/Hexes            4
   e - Iskenderun's Mystic Blast      Conjuration                  4
   f - Iskenderun's Battlesphere      Conjuration/Charms           5
Comestibles
 f - 6 bread rations
 l - 4 meat rations
 D - 2 fruits


   Skills:
 * Level 7.0 Fighting
 * Level 9.2 Maces & Flails
 + Level 5.7 Armour
 + Level 1.3 Dodging
 + Level 1.0 Stealth
 + Level 6.3 Shields


You had 8 spell levels left.
You didn't know any spells.

Dungeon Overview and Level Annotations

Branches:
Dungeon (8/15)             Temple (1/1) D:5
   Lair: D:8-11

Altars:
Cheibriados
Elyvilon
Gozag
Hepliaklqana
Kikubaaqudgha
Okawaru
Qazlal
Sif Muna
Xom
Zin
The Shining One

Annotations:
D:8 Hiru's ghost, journeyman FoEE


Innate Abilities, Weirdness & Mutations

You are resistant to torment.
Your stone body is resilient. (AC +5)
You are immune to poison.
You resist negative energy. (rN+)
You are resistant to electric shocks. (rElec)
You can survive without breathing.
You are immune to petrification.
You are immune to rotting.


Message History

You closely miss Hiru's ghost.
Hiru's ghost is almost destroyed.
You block the bullfrog's attack. Hiru's ghost hits you!
* * * LOW HITPOINT WARNING * * *
You hit Hiru's ghost but do no damage.
Hiru's ghost is almost destroyed.
The bullfrog hits you.
* * * LOW HITPOINT WARNING * * *
You block the bullfrog's attack. Hiru's ghost casts a spell at you.
You are unaffected.
You sock the bullfrog!
The bullfrog is heavily wounded.
The bullfrog hits you but does no damage.
Hiru's ghost gestures at you while chanting.
You are unaffected.
You closely miss the bullfrog.
The bullfrog is heavily wounded.
You block the bullfrog's attack. x2; Hiru's ghost hits you.
You die...

### # #.. .#
#.# ###. #.#
#.. #.# #W#
#.# #@#
#######)## #F#
#........###.#
#.#####......#
#.# ##.#####
## #.# #.# .##
#.# #.#
..###.# #.#
......# #.#


You could see a bullfrog and Hiru's ghost.

Vanquished Creatures
  2 hippogriffs
  Sigmund (D:3)
  An ice beast (D:6)
  A phantom (D:7)
  5 ogres
  A necrophage (D:7)
  5 bullfrogs
  2 scorpions
  3 crimson imps
  2 jellies
  3 hounds
  A bullfrog skeleton (D:5)
  An orc wizard (D:5)
  4 orc priests
  2 iguanas
  Crazy Yiuf (D:3)
  Natasha (thrice) (D:3)
  A centaur skeleton (D:5)
  A hound zombie (D:6)
  A hound skeleton (D:4)
  2 worker ant zombies
  Robin (D:2)
  8 gnolls
  10 adders
  A shadow imp (D:7)
  An ooze (D:3)
  4 adder skeletons
  A worm (D:4)
  5 leopard geckos
  23 orcs
  A ball python (D:6)
  6 bats
  4 giant cockroaches
  12 goblins
  15 hobgoblins
  13 jackals
  9 kobolds
  A quokka (D:7)
  6 frilled lizards
  A jackal zombie (D:5)
  A quokka zombie (D:6)
  6 rats (D:2)
172 creatures vanquished.

Vanquished Creatures (others)
  A howler monkey (D:6)
  An orc wizard (D:6)
  An adder (D:6)
  A leopard gecko (D:6)
  A ball python (D:6)
5 creatures vanquished.

Grand Total: 177 creatures vanquished

Notes
Turn   | Place    | Note
-------+----------+-------------------------------------------
     0 | D:1      | Firecrotchwizard the Gargoyle Fighter began the quest for the Orb.
     0 | D:1      | Reached XP level 1. HP: 14/14 MP: 1/1
   195 | D:1      | Reached XP level 2. HP: 19/19 MP: 2/2
   728 | D:1      | Reached XP level 3. HP: 16/23 MP: 3/3
  1071 | D:2      | Noticed Robin
  1097 | D:2      | Killed Robin
  1097 | D:2      | Reached XP level 4. HP: 10/29 MP: 4/4
  1100 | D:2      | HP: 1/29 [hobgoblin/club[Robin] (3)]
  1686 | D:2      | Found a snail-covered altar of Cheibriados.
  1686 | D:2      | Found a faded altar of an unknown god.
  1691 | D:2      | Found a faded altar of an unknown god.
  1693 | D:2      | Found a faded altar of an unknown god.
  1694 | D:2      | Found a stormy altar of Qazlal.
  1782 | D:2      | Found a glowing silver altar of Zin.
  2210 | D:3      | Found a deep blue altar of Sif Muna.
  2212 | D:3      | Found a faded altar of an unknown god.
  2214 | D:3      | Reached skill level 3 in Maces & Flails
  2243 | D:3      | Noticed Sigmund
  2255 | D:3      | Killed Sigmund
  2255 | D:3      | Reached skill level 4 in Maces & Flails
  2255 | D:3      | Reached XP level 5. HP: 24/33 MP: 5/5
  2255 | D:3      | Reached XP level 6. HP: 28/38 MP: 6/6
  2472 | D:3      | Noticed Natasha
  2491 | D:3      | Killed Natasha
  2491 | D:3      | Reached skill level 1 in Dodging
  2541 | D:3      | Noticed Natasha
  2549 | D:3      | Killed Natasha
  2838 | D:3      | Noticed Natasha
  2844 | D:3      | Killed Natasha
  2877 | D:3      | Reached XP level 7. HP: 41/44 MP: 7/7
  2957 | D:3      | Found a runed door.
  2961 | D:3      | Noticed Crazy Yiuf
  2972 | D:3      | Killed Crazy Yiuf
  2972 | D:3      | Reached skill level 5 in Maces & Flails
  3311 | D:4      | Reached skill level 5 in Fighting
  3631 | D:4      | Reached skill level 5 in Shields
  4157 | D:5      | Entered Level 5 of the Dungeon
  4266 | D:5      | Reached skill level 6 in Maces & Flails
  4314 | D:5      | Found a glowing golden altar of the Shining One.
  4333 | D:5      | Found a staircase to the Ecumenical Temple.
  4339 | Temple   | Entered the Ecumenical Temple
  4354 | Temple   | Became a worshipper of Warmaster Okawaru
  4459 | D:5      | Noticed a hippogriff
  4478 | D:5      | Killed a hippogriff
  4478 | D:5      | Reached XP level 8. HP: 19/50 MP: 8/8
  4726 | D:5      | Reached * piety under Okawaru
  4798 | D:5      | Reached skill level 7 in Maces & Flails
  4811 | D:5      | Found an opulent altar of Gozag.
  4907 | D:5      | Found a shimmering altar of Xom.
  4934 | D:5      | Reached skill level 5 in Armour
  6214 | D:6      | Found a shimmering altar of Xom.
  6219 | D:6      | Reached skill level 8 in Maces & Flails
  6475 | D:7      | Reached ** piety under Okawaru
  6475 | D:7      | Reached XP level 9. HP: 56/56 MP: 9/9
  6982 | D:7      | Reached skill level 9 in Maces & Flails
  7179 | D:8      | Reached skill level 1 in Stealth
  7381 | D:8      | Noticed Hiru's ghost (journeyman FoEE)
  7449 | D:8      | Slain by Hiru's ghost

Skill      XL: |  1  2  3  4  5  6  7  8  9 |
---------------+----------------------------+-----
Shields        | 4 5 6 |  6.3
Fighting       | 4 5 6 7 |  7.0
Maces & Flails | 4 6 8 9 |  9.2
Armour         | 4 5 |  5.7
Dodging        | 1 |  1.3
Stealth        | 1 |  1.0

Action                   |  1- 3 |  4- 6 |  7- 9 || total
-------------------------+-------+-------+-------++-------
Melee: Flail             |   114 |   176 |   566 ||   856
Invok: Heroism           |       |       |     1 ||     1
  Use: Potion            |       |     1 |       ||     1
       Scroll            |       |       |     2 ||     2
  Eat: Chunk             |       |     4 |    10 ||    14
       Pizza             |       |     1 |     1 ||     2
       Beef jerky        |       |     1 |       ||     1
       Fruit             |       |       |     3 ||     3
Armor: Scale mail        |    68 |   135 |     9 ||   212
       Plate armour      |       |       |   362 ||   362
Dodge: Dodged            |    36 |    98 |    98 ||   232
Block: Shield            |    85 |   145 |   304 ||   534
